% Time on Ice - SACRAMENTO BANDITS
Lines # - Real PCT - Wanted PCT - Time Play
Normal Forward
1 - 34% - 36% - 15:04
2 - 29% - 31% - 12:35
3 - 23% - 23% - 9:58
4 - 14% - 10% - 6:18
Normal Defense
1 - 33% - 36% - 14:42
2 - 31% - 31% - 13:41
3 - 34% - 23% - 14:52
4 - 2% - 10% - 0:40
PP Forward
1 - 44% - 55% - 3:59
2 - 56% - 45% - 5:01
PP Defense
1 - 49% - 55% - 4:26
2 - 51% - 45% - 4:34
PK Forward
1 - 57% - 55% - 4:02
2 - 43% - 45% - 3:03
PK Defense
1 - 60% - 55% - 4:15
2 - 40% - 45% - 2:50
PK3 Forward
1 - 0% - 55%
2 - 0% - 45%
PK3 Defense
1 - 0% - 55%
2 - 0% - 45%
44 Forward
1 - 0% - 55%
2 - 0% - 45%
44 Defense
1 - 0% - 55%
2 - 0% - 45%
Last Minute Offensive  - 0:00
Last Minute Defensive  - 0:00
Total
Forward - 60:00
Defense - 60:00
% Time on Ice - SALEM BLACK JAYS
Lines # - Real PCT - Wanted PCT - Time Play
Normal Forward
1 - 38% - 36% - 16:50
2 - 29% - 31% - 12:36
3 - 21% - 23% - 9:15
4 - 12% - 10% - 5:14
Normal Defense
1 - 35% - 36% - 15:23
2 - 34% - 31% - 14:54
3 - 28% - 23% - 12:16
4 - 3% - 10% - 1:22
PP Forward
1 - 53% - 55% - 3:44
2 - 47% - 45% - 3:21
PP Defense
1 - 49% - 55% - 3:30
2 - 51% - 45% - 3:35
PK Forward
1 - 60% - 55% - 5:25
2 - 40% - 45% - 3:35
PK Defense
1 - 61% - 55% - 5:31
2 - 39% - 45% - 3:29
PK3 Forward
1 - 0% - 55%
2 - 0% - 45%
PK3 Defense
1 - 0% - 55%
2 - 0% - 45%
44 Forward
1 - 0% - 55%
2 - 0% - 45%
44 Defense
1 - 0% - 55%
2 - 0% - 45%
Last Minute Offensive  - 0:00
Last Minute Defensive  - 0:00
Total
Forward - 60:00
Defense - 60:00
Play-by-Play 1st period 0:01 of 1st period - Nico Hischier wins face-off versus Mathew Barzal in neutral zone. 0:14 of 1st period - Patrick Kane is hit by Joshua Morrissey. 0:28 of 1st period - Shot by Mikko Rantanen. 0:28 of 1st period - Stopped by Daniel Vladar without a rebound. 0:29 of 1st period - Dylan Larkin wins face-off versus Mark Scheifele in SACRAMENTO BANDITS zone. 0:30 of 1st period - Shot by Barrett Hayton. 0:30 of 1st period - Goal by Barrett Hayton - SACRAMENTO BANDITS : 0 - SALEM BLACK JAYS : 1. 0:31 of 1st period - Dylan Larkin wins face-off versus Marcus Johansson in neutral zone. 0:31 of 1st period - Dylan Larkin is hit by Mark Scheifele. 0:45 of 1st period - Shot by Blake Wheeler. 0:45 of 1st period - Stopped by Juuse Saros without a rebound. 0:46 of 1st period - Eetu Luostarinen wins face-off versus Dylan Cozens in SALEM BLACK JAYS zone. 0:54 of 1st period - Shot by Jonathan Huberdeau. 0:54 of 1st period - Shot Blocked by Colin Miller. 0:56 of 1st period - Shot by Brendan Smith. 0:56 of 1st period - Shot Misses the Net. 1:15 of 1st period - Icing by Brendan Smith. 1:16 of 1st period - Filip Chytil wins face-off versus Eetu Luostarinen in SACRAMENTO BANDITS zone. 1:23 of 1st period - Shot by Filip Chytil. 1:23 of 1st period - Stopped by Daniel Vladar with a rebound. 1:31 of 1st period - Shot by Filip Chytil. 1:31 of 1st period - Stopped by Daniel Vladar without a rebound. 1:32 of 1st period - Marcus Johansson wins face-off versus Dylan Larkin in SACRAMENTO BANDITS zone. 1:37 of 1st period - Scott Mayfield is hit by Blake Wheeler and loses puck. 2:07 of 1st period - Minor Penalty to Cody Ceci for Goalie Interference. 2:08 of 1st period - Theodor Blueger wins face-off versus Nico Hischier in SALEM BLACK JAYS zone. 3:17 of 1st period - Shot by Blake Wheeler. 3:17 of 1st period - Shot Misses the Net. 3:21 of 1st period - Shot by Mark Scheifele. 3:21 of 1st period - Shot Misses the Net. 3:23 of 1st period - Shot by Blake Wheeler. 3:23 of 1st period - Deflect By Mark Scheifele. 3:23 of 1st period - Shot Misses the Net. 3:47 of 1st period - Shot by Martin Necas. 3:47 of 1st period - Shot Misses the Net. 4:21 of 1st period - Shot by Mitchell Marner. 4:21 of 1st period - Stopped by Daniel Vladar with a rebound. 4:55 of 1st period - Icing by Cody Ceci. 4:56 of 1st period - Mathew Barzal wins face-off versus Nico Hischier in SALEM BLACK JAYS zone. 4:58 of 1st period - Icing by Mikko Rantanen. 4:59 of 1st period - Nico Hischier wins face-off versus Mathew Barzal in SALEM BLACK JAYS zone. 5:04 of 1st period - Shot by Patrick Kane. 5:04 of 1st period - Deflect By Nico Hischier. 5:04 of 1st period - Shot Blocked by Scott Mayfield. 5:22 of 1st period - Icing by Cody Ceci. 5:23 of 1st period - Mathew Barzal wins face-off versus Christian Fischer in SALEM BLACK JAYS zone. 5:41 of 1st period - Shot by Martin Necas. 5:41 of 1st period - Stopped by Daniel Vladar without a rebound. 5:42 of 1st period - Dylan Cozens wins face-off versus Nico Hischier in SACRAMENTO BANDITS zone. 5:57 of 1st period - Shot by Dylan Cozens. 5:57 of 1st period - Stopped by Daniel Vladar without a rebound. 5:58 of 1st period - Mark Scheifele wins face-off versus Dylan Larkin in SACRAMENTO BANDITS zone. 6:07 of 1st period - Shot by Dylan Larkin. 6:07 of 1st period - Shot Misses the Net. 6:21 of 1st period - Shot by Martin Necas. 6:21 of 1st period - Shot Blocked by Janis Moser. 7:18 of 1st period - Nico Hischier is hit by Maxime Comtois and loses puck. 7:25 of 1st period - Shot by Dylan Cozens. 7:25 of 1st period - Stopped by Daniel Vladar without a rebound. 7:26 of 1st period - Christian Fischer wins face-off versus Mathew Barzal in SACRAMENTO BANDITS zone. 7:48 of 1st period - Shot by Mitchell Marner. 7:48 of 1st period - Shot Misses the Net. 8:28 of 1st period - Icing by Mikko Rantanen. 8:29 of 1st period - Nico Hischier wins face-off versus Mathew Barzal in SALEM BLACK JAYS zone. 8:42 of 1st period - Marc-Edouard Vlasic is hit by Mathew Barzal and loses puck. 9:37 of 1st period - Shot by Daniel Sprong. 9:37 of 1st period - Shot Blocked by Rasmus Sandin. 9:43 of 1st period - Shot by Marcus Johansson. 9:43 of 1st period - Shot Misses the Net. 9:55 of 1st period - Shot by Blake Wheeler. 9:55 of 1st period - Stopped by Juuse Saros with a rebound. 10:35 of 1st period - Shot by Jonathan Huberdeau. 10:35 of 1st period - Shot Blocked by Dylan Cozens. 10:37 of 1st period - Shot by Eetu Luostarinen. 10:37 of 1st period - Shot Misses the Net. 10:39 of 1st period - Shot by Jonathan Huberdeau. 10:39 of 1st period - Stopped by Juuse Saros with a rebound. 10:41 of 1st period - Shot by Eetu Luostarinen. 10:41 of 1st period - Stopped by Juuse Saros with a rebound. 10:43 of 1st period - Shot by Oliver Ekman-Larsson. 10:43 of 1st period - Shot Blocked by Nick Jensen. 10:45 of 1st period - Shot by Eetu Luostarinen. 10:45 of 1st period - Shot Misses the Net. 10:55 of 1st period - Shot by Jonathan Huberdeau. 10:55 of 1st period - Stopped by Juuse Saros without a rebound. 10:56 of 1st period - Christian Fischer wins face-off versus Barrett Hayton in SALEM BLACK JAYS zone. 10:59 of 1st period - Shot by Patrick Maroon. 10:59 of 1st period - Stopped by Juuse Saros with a rebound. 11:14 of 1st period - Dominik Kubalik is hit by Colin Miller and loses puck. 12:01 of 1st period - Shot by Nico Hischier. 12:01 of 1st period - Shot Misses the Net. 12:11 of 1st period - Shot by Filip Chytil. 12:11 of 1st period - Shot Misses the Net. 12:13 of 1st period - Shot by Theodor Blueger. 12:13 of 1st period - Deflect By Filip Chytil. 12:13 of 1st period - Stopped by Daniel Vladar without a rebound. 12:14 of 1st period - Mark Scheifele wins face-off versus Mathew Barzal in SACRAMENTO BANDITS zone. 12:21 of 1st period - Shot by Marcus Johansson. 12:21 of 1st period - Shot Misses the Net. 12:35 of 1st period - Shot by Mitchell Marner. 12:35 of 1st period - Shot Misses the Net. 12:40 of 1st period - Minor Penalty to Mikko Rantanen for High sticking. 12:41 of 1st period - Nico Hischier wins face-off versus Theodor Blueger in SALEM BLACK JAYS zone. 12:52 of 1st period - Shot by Ryan McDonagh. 12:52 of 1st period - Stopped by Juuse Saros without a rebound. 12:53 of 1st period - Mark Scheifele wins face-off versus Theodor Blueger in SALEM BLACK JAYS zone. 13:38 of 1st period - Shot by Blake Wheeler. 13:38 of 1st period - Goal by Blake Wheeler - SACRAMENTO BANDITS : 1 - SALEM BLACK JAYS : 1. 13:39 of 1st period - Nico Hischier wins face-off versus Mathew Barzal in neutral zone. 14:43 of 1st period - Off-side. 14:44 of 1st period - Mark Scheifele wins face-off versus Dylan Larkin in neutral zone. 14:47 of 1st period - Shot by Mark Scheifele. 14:47 of 1st period - Shot Misses the Net. 16:35 of 1st period - Eetu Luostarinen is hit by Cody Ceci and loses puck. 17:27 of 1st period - Shot by Mitchell Marner. 17:27 of 1st period - Shot Misses the Net. 17:29 of 1st period - Shot by Mitchell Marner. 17:29 of 1st period - Shot Blocked by Nico Hischier. 17:37 of 1st period - Marc-Edouard Vlasic is hit by Mikko Rantanen and loses puck. 17:53 of 1st period - Off-side. 17:54 of 1st period - Dylan Larkin wins face-off versus Christian Fischer in neutral zone. 18:19 of 1st period - Shot by Barrett Hayton. 18:19 of 1st period - Shot Misses the Net. 18:23 of 1st period - Shot by Dylan Larkin. 18:23 of 1st period - Shot Misses the Net. 18:40 of 1st period - Christian Fischer is hit by Joshua Morrissey and loses puck. 19:12 of 1st period - Daniel Sprong is hit by Brendan Smith and loses puck. 19:41 of 1st period - Icing by Brendan Smith. 19:42 of 1st period - Mathew Barzal wins face-off versus Christian Fischer in SACRAMENTO BANDITS zone. 19:42 of 1st period - Mathew Barzal is hit by Brendan Smith. Goals for this period are 1 for SACRAMENTO BANDITS vs 1 for SALEM BLACK JAYS. Shots for this period are 8 for SACRAMENTO BANDITS vs 9 for SALEM BLACK JAYS. 2nd period 0:01 of 2nd period - Mark Scheifele wins face-off versus Martin Necas in neutral zone. 0:12 of 2nd period - Blake Wheeler is hit by Martin Necas. 0:30 of 2nd period - Shot by Dylan Larkin. 0:30 of 2nd period - Shot Misses the Net. 1:15 of 2nd period - Shot by Nico Hischier. 1:15 of 2nd period - Stopped by Juuse Saros without a rebound. 1:16 of 2nd period - Eetu Luostarinen wins face-off versus Dylan Cozens in SALEM BLACK JAYS zone. 1:43 of 2nd period - Shot by Eetu Luostarinen. 1:43 of 2nd period - Shot Misses the Net. 1:51 of 2nd period - Shot by Dylan Cozens. 1:51 of 2nd period - Stopped by Daniel Vladar without a rebound. 1:52 of 2nd period - Nico Hischier wins face-off versus Mathew Barzal in SACRAMENTO BANDITS zone. 2:08 of 2nd period - Shot by Nico Hischier. 2:08 of 2nd period - Shot Misses the Net. 2:10 of 2nd period - Shot by Janis Moser. 2:10 of 2nd period - Stopped by Juuse Saros without a rebound. 2:11 of 2nd period - Dylan Larkin wins face-off versus Marcus Johansson in SALEM BLACK JAYS zone. 2:15 of 2nd period - Off-side. 2:16 of 2nd period - Nico Hischier wins face-off versus Mathew Barzal in neutral zone. 2:21 of 2nd period - Shot by Nico Hischier. 2:21 of 2nd period - Stopped by Juuse Saros without a rebound. 2:22 of 2nd period - Mikko Rantanen wins face-off versus Mark Scheifele in SALEM BLACK JAYS zone. 2:30 of 2nd period - Icing by Mikko Rantanen. 2:31 of 2nd period - Nico Hischier wins face-off versus Mathew Barzal in SALEM BLACK JAYS zone. 2:43 of 2nd period - Patrick Kane is hit by Nick Jensen. 3:16 of 2nd period - Icing by Marc-Edouard Vlasic. 3:17 of 2nd period - Dylan Larkin wins face-off versus Nico Hischier in SACRAMENTO BANDITS zone. 3:37 of 2nd period - Min